 Dungeon Crawl Stone Soup version 0.31-a0-1-g4198be8af4 (webtiles) character file.

Game seed: 2144201658511390235

183 Zonian the Sneak (level 5, -3/26 HPs)
             Began as a Spriggan Brigand on Apr 30, 2023.
             Was a Believer of Lugonu.
             Slain by an iguana (12 damage)
             ... on level 4 of the Dungeon.
             The game lasted 00:07:33 (3326 turns).

Zonian the Sneak (Spriggan Brigand)                 Turns: 3326, Time: 00:07:33

Health: -3/26      AC:  4    Str: 13    XL:     5   Next: 35%
Magic:  7/7        EV: 18    Int: 13    God:    Lugonu [**....]
Gold:   163        SH:  0    Dex: 18    Spells: 4/4 levels left

rFire   . . .        a - +2 dagger
rCold   . . .        (no shield)
rNeg    . . .        b - +0 robe
rPois   .            (helmet restricted)
rElec   .            c - +1 cloak
rCorr   .            (gloves unavailable)
SInv    +            (boots unavailable)
Will    .....        (no amulet)
Stlth   ++++         f - +6 ring of strength
HPRegen 0.24/turn    p - ring of flight
MPRegen 0.10/turn

%: no passive effects
@: flying, very quick
A: very small, no large weapons, unfitting armour, see invisible, speed 3
a: Renounce Religion, Depart the Abyss, Banish


You were on level 4 of the Dungeon.
You worshipped Lugonu.
Lugonu was pleased with you.
You visited 1 branch of the dungeon, and saw 4 of its levels.

You collected 163 gold pieces.

Inventory:

Hand Weapons
 a - a +2 dagger (weapon)
 i - a +5 spear
Missiles
 d - 9 poisoned darts (quivered)
 e - 3 curare-tipped darts
 n - a throwing net
 o - 4 boomerangs
Armour
 b - a +0 robe (worn)
 c - a +1 cloak (worn)
Jewellery
 f - a +6 ring of strength (left hand)
 p - a ring of flight (right hand)
Scrolls
 h - a scroll of poison
 k - 2 scrolls of noise {unknown}
Potions
 g - a potion of might
 j - a potion of heal wounds
 l - a potion of cancellation
 m - a potion of flight
 q - a potion of lignification {unknown}
 r - a potion of attraction {unknown}


   Skills:
 - Level 1.9 Fighting
 + Level 3.5 Short Blades
 - Level 2.4 Throwing
 + Level 3.6 Dodging
 + Level 7.1 Stealth
 + Level 1.3 Invocations


You had 4 spell levels left.
You didn't know any spells.
Your spell library was empty.

Dungeon Overview and Level Annotations

Branches:
Dungeon (4/15)
 Temple: D:4-7

Altars:
Nemelex Xobeh
Lugonu

Shops:
D:2 [:[=

Annotations:
D:3 1 runed translucent door, avangion's ghost, amateur GnCj
D:4 Grinder


Innate Abilities, Weirdness & Mutations

You are very small and have problems with some larger weapons.
You are too small for most types of armour.
You have supernaturally acute eyesight. (SInv)
You cover ground extremely quickly. (Speed+++)


Message History

There is a stone staircase leading up here.
An iguana is nearby!
Unknown command.
The iguana bites you!
You hit the iguana.
The iguana is moderately wounded.
The iguana misses you.
You hit the iguana but do no damage.
The iguana is moderately wounded.
Unknown command.
You hit the iguana but do no damage.
The iguana is moderately wounded.
The iguana misses you.
You hit the iguana.
The iguana is moderately wounded.
The iguana completely misses you.
You hit the iguana.
The iguana is heavily wounded.
The iguana barely misses you.
You hit the iguana but do no damage.
The iguana is heavily wounded.
The iguana closely misses you.
You hit the iguana.
The iguana is heavily wounded.
The iguana misses you.
You hit the iguana but do no damage.
The iguana is heavily wounded.
You hit the iguana.
The iguana is heavily wounded.
The iguana barely misses you.
You hit the iguana.
The iguana is almost dead.
The iguana bites you!
You hit the iguana but do no damage.
The iguana is almost dead.
The iguana misses you.
You closely miss the iguana.
The iguana is almost dead.
The iguana bites you!
You die...

..###.## #......#
....... ......#
.....# #....##
.....# #.....#
......##<.#
......#@..##
......l#...# ##
........##..#
##..#
.........##.##...#
.........##....#
.........###.###
..........#..#
..............#
...............#.#


You could see an iguana.

Vanquished Creatures
  A scorpion (D:3)
  An orc priest (D:3)
  A dart slug (D:1)
  8 orcs (D:3)
  5 ball pythons
  6 endoplasms
  2 giant cockroaches
  9 goblins
  5 hobgoblins
  10 jackals
  4 quokkas
  8 bats
  3 frilled lizards
  8 kobolds
  8 rats
79 creatures vanquished.

Notes
Turn   | Place    | Note
-------+----------+-------------------------------------------
     0 | D:1      | Zonian the Spriggan Brigand began the quest for the Orb.
     0 | D:1      | Reached XP level 1. HP: 10/10 MP: 2/2
   271 | D:1      | Reached skill level 6 in Stealth
   278 | D:1      | Reached XP level 2. HP: 15/15 MP: 3/3
   302 | D:1      | Found a faded altar of an unknown god.
   322 | D:1      | Prayed at the altar of an unknown god.
   322 | D:1      | Became a worshipper of Lugonu the Unformed
   322 | D:1      | Reached * piety under Lugonu
   526 | D:1      | Reached XP level 3. HP: 18/18 MP: 4/4
  1115 | D:2      | Found Aqaith's Book Emporium.
  1119 | D:2      | Found Zehomac's Armour Shop.
  1167 | D:2      | Found Ezarew's Armour Shoppe.
  1542 | D:2      | Reached ** piety under Lugonu
  1596 | D:2      | You fall into a shaft and drop 2 floors!
  1720 | D:4      | Noticed Grinder
  1790 | D:3      | Found a runed translucent door.
  1794 | D:3      | Noticed avangion's ghost (amateur GnCj)
  1803 | D:3      | Noticed a scorpion
  2163 | D:3      | Reached XP level 4. HP: 23/23 MP: 5/5
  2228 | D:3      | Found a sparkling altar of Nemelex Xobeh.
  2781 | D:3      | Killed a scorpion
  2782 | D:3      | Reached skill level 7 in Stealth
  2782 | D:3      | Reached skill level 1 in Invocations
  2782 | D:3      | Reached XP level 5. HP: 26/26 MP: 6/6
  3094 | D:2      | Found Zipihugg's Jewellery Shop.
  3326 | D:4      | Slain by an iguana

Illustrated notes

Levels and vault maps discovered:
D:1:      heliophobic_arrival_henge, layout_loops_ring, serial_aquarium,
          aquarium_bridge_square [aquarium_subvault_window,
          aquarium_subvault_balcony, aquarium_subvault_wall,
          aquarium_subvault_bridge], aquarium_window_corridor_2,
          aquarium_window_double, aquarium_window_corner, aquarium_window_1,
          aquarium_view_2g, aquarium_balcony_5b,
          chequers_ecumenical_altar_simple_redux, kennysheep_decorative_pillar
D:2:      kennysheep_the_goblin_king, layout_loops_ring, serial_shops, shop,
          shop, nicolae_shop_competitors_out_of_business,
          nicolae_shop_tiny_glass
D:3:      layout_rooms, lemuel_round_altar, ebering_ghost_reflecting_pool
D:4:      layout_layer_cave, mainiacjoe_overflow_paths, grunt_ministairs_11,
          minmay_misc_feat_tiny, uniq_sigmund, uniq_grinder

Skill      XL: |  1  2  3  4 |
---------------+-------------+-----
Stealth        | 6 7 |  7.1
Dodging        | 2 3 |  3.6
Short Blades   | 3 |  3.5
Invocations    | 1 |  1.3
Fighting       | |  1.9
Throwing       | |  2.4

Action                     |  1- 3 |  4- 6 || total
---------------------------+-------+-------++-------
  Melee: Dagger            |   208 |    86 ||   294
         Punch             |     1 |       ||     1
  Throw: Boomerang         |       |     2 ||     2
         Throwing net      |       |     1 ||     1
    Use: Scroll            |     9 |       ||     9
   Stab: Sleeping          |    13 |     3 ||    16
         Distracted        |     1 |       ||     1
         Held in net/web   |       |     1 ||     1
 Armour: Robe              |    23 |    11 ||    34
  Dodge: Dodged            |   133 |    39 ||   172

Table legend: (Time is in decaauts)
 A = Elapsed time spent in this place.
 B = Non-inter-level travel time spent in this place.
 C = Inter-level travel time spent in this place.
 D = Time resting spent in this place.
 E = Time spent auto-exploring this place.
 F = Levels seen in this place.
 G = Mean time per level.
                   A        B        C        D        E       F      G
               +--------+--------+--------+--------+--------+-----+--------+
         Total |   2417 |   2354 |     63 |    694 |    930 |   4 |  604.2 |
       Dungeon |   2417 |   2354 |     63 |    694 |    930 |   4 |  604.2 |
               +--------+--------+--------+--------+--------+-----+--------+

Top non-repeatable levels by time:
     D:2: 822 daAuts
     D:1: 775 daAuts
     D:3: 702 daAuts
     D:4: 116 daAuts
